 Dungeon Crawl Stone Soup version 0.25-a0-578-gc91f01c (webtiles) character file.

Game seed: 6674260590167458407, levelgen mode: deterministic

25 NeededCrab the Poker (level 3, -1/27 HPs)
             Began as a Merfolk Skald on Mar 5, 2020.
             Was an Initiate of Ashenzari.
             Slain by an adder (3 damage)
             ... on level 2 of the Dungeon.
             The game lasted 00:05:45 (1157 turns).

NeededCrab the Poker (Merfolk Skald)                Turns: 1157, Time: 00:05:46

Health: -1/27      AC:  2    Str: 12    XL:     3   Next: 4%
Magic:  4/6        EV: 13    Int: 12    God:    Ashenzari [......]
Gold:   29         SH:  0    Dex: 13    Spells: 1/6 levels left

rFire    . . .     SeeInvis .   a - +1 spear
rCold    . . .     Gourm    .   (no shield)
rNeg     . . .     Faith    .   e - +0 robe (curse)
rPois    .         Spirit   .   (no helmet)
rElec    .         Reflect  .   (no cloak)
rCorr    .         Harm     .   (no gloves)
MR       .....                  (no boots)
Stlth    +.........             (no amulet)
HPRegen  0.09/turn              (no ring)
MPRegen  0.10/turn              (no ring)

@: lethally poisoned (-1 -> -3), very slightly contaminated, invisible
A: change form in water, swift swim, stealthy swim
a: Curse Item, Renounce Religion


You were on level 2 of the Dungeon.
You worshipped Ashenzari.
Ashenzari was noncommittal.
You were not hungry.

You visited 1 branch of the dungeon, and saw 2 of its levels.

You collected 29 gold pieces.

Inventory:

Hand Weapons
 a - a +1 spear (weapon)
Armour
 b - a +0 leather armour
 e - a cursed +0 robe (worn)
Potions
 h - a potion of invisibility
Comestibles
 d - 7 rations
 f - a chunk of flesh


   Skills:
 - Level 2.1 Fighting
 * Level 4.0 Polearms
 - Level 0.6 Armour
 + Level 3.1 Dodging
 + Level 2.2 Spellcasting
 - Level 3.5 Charms
 * Level 0.0 Translocations


You had one spell level left.
You knew the following spells:

 Your Spells              Type           Power        Failure   Level  Hunger
a - Infusion              Chrm           #...         6%          1    ##.....
b - Song of Slaying       Chrm           #.......     10%         2    ###....
c - Shroud of Golubria    Chrm/Tloc      #.....       19%         2    ###....

Your spell library contained the following spells:

 Spells                   Type           Power        Failure   Level  Hunger
 Ozocubu's Armour         Chrm/Ice       #.......     36%         3    ####...
 Spectral Weapon          Hex/Chrm       #.......     36%         3    ####...


Dungeon Overview and Level Annotations

Branches:
Dungeon (2/15)

Altars:
Ashenzari
Fedhas
Hepliaklqana


Message History

You feel sick.
* * * LOW HITPOINT WARNING * * *
You feel sick.
Your shroud bends the adder's attack away.
Your shroud unravels.
Some of the chunks of flesh in your inventory have rotted away.
The adder barely misses you.
* * * LOW HITPOINT WARNING * * *
You feel sick. The adder barely misses you.
* * * LOW HITPOINT WARNING * * *
You feel sick.
Okay, then.
As you read the scroll labeled NANEONK UTZAFO, it crumbles to dust.
It is a scroll of enchant weapon.
Your +0 spear glows red for a moment.
The adder closely misses you.
As you read the scroll labeled JALYECRUIXTI, it crumbles to dust.
You feel aware of your surroundings.
It was a scroll of magic mapping.
The adder bites you.
You die...

*,,,,,,,...####.###*,,# ******
*,#######..##.....##,.# *,,,,*
**,.........#.......#..#***,,,,**
,,,.........#÷......#...,,*,,,,,,
*,,............._......#*,*,,,,,,
,,*.........#.......#..**,*,,,,,,
,,+.........#.......#..#*,*,,,,,,
*##.........##.S...##,.#*,*,,,,,,
,...........####@####..**,***,,,,
##.#+#.................#*,****+**
...,,+..........+.......,,,,,,,,,
*#.###.....######.....##,,,*****,
#.....≈≈≈...## *.....#*,,,,,,*,,
##..≈≈≈≈≈≈≈..##*.....#***,,*>,,,
##..≈≈≈≈≈≈≈≈≈..#*.....# ***,*,,,,
...≈≈≈≈≈≈≈≈≈≈≈.##.....#**,,,+,,,,
...≈≈≈≈P..≈≈≈≈....,,,,,**,*,*,,,,


You could see an adder.

Vanquished Creatures
  An ooze (D:1)
  A dart slug (D:2)
  A leopard gecko (D:1)
  A giant cockroach (D:1)
  A goblin (D:1)
  A hobgoblin (D:1)
  A kobold (D:1)
  7 bats
  A frilled lizard (D:1)
  5 rats
20 creatures vanquished.

Vanquished Creatures (others)
  A bat (D:2)
1 creature vanquished.

Grand Total: 21 creatures vanquished

Notes
Turn   | Place    | Note
-------+----------+-------------------------------------------
     0 | D:1      | NeededCrab the Merfolk Skald began the quest for the Orb.
     0 | D:1      | Reached XP level 1. HP: 16/16 MP: 3/3
   393 | D:1      | Reached XP level 2. HP: 22/22 MP: 5/5
  1010 | D:2      | Found a shattered altar of Ashenzari.
  1019 | D:2      | Reached XP level 3. HP: 23/27 MP: 6/6
  1069 | D:2      | Learned a level 2 spell: Song of Slaying
  1072 | D:2      | Learned a level 2 spell: Shroud of Golubria
  1072 | D:2      | Became a worshipper of Ashenzari the Shackled
  1086 | D:2      | Found a blossoming altar of Fedhas.
  1114 | D:2      | Found a hazy altar of Hepliaklqana.
  1120 | D:2      | Reached skill level 4 in Polearms
  1155 | D:2      | HP: 1/27 [poisoned by an adder]
  1157 | D:2      | Slain by an adder

Levels and vault maps discovered:
D:1:      psy_arrival_radial01, layout_loops_corners, minivault_11
D:2:      layout_basic, old_standard_altar, fedhas_ov_isle_minmay,
          lemuel_crystal_altar, chequers_serial_rivers_marsh

Skill      XL: |  1  2  3 |
---------------+----------+-----
Dodging        | 3 |  3.1
Polearms       | 4 |  4.0
Fighting       | |  2.1
Armour         | |  0.6
Spellcasting   | |  2.2
Charms         | |  3.5

Action                   || total
-------------------------++-------
Melee: Spear             ||    66
 Cast: Shroud of Golubri ||     2
  Use: Scroll            ||     2
       Potion            ||     1
 Stab: Sleeping          ||     5
  Eat: Chunk             ||     1
Armor: Leather armour    ||     2
       Robe              ||     9
Dodge: Dodged            ||    30

Table legend:
 A = Non-vault XP
 B = Vault XP
 C = Vault XP percentage of total XP
 D = Non-vault monster count
 E = Vault monster count
 F = Vault count percentage of total count
                 A         B        C        D         E       F
            +---------+---------+-------+---------+---------+-------
      Total |      36 |       0 |   0.0 |      20 |       0 |   0.0
            +---------+---------+-------+---------+---------+-------
        D:1 |      30 |       0 |   0.0 |      17 |       0 |   0.0
        D:2 |       6 |       0 |   0.0 |       3 |       0 |   0.0
            +---------+---------+-------+---------+---------+-------
